AoeStats
← Naranja

Glade

510345218Analyzed
1v1 RM · 2d ago on Sep 30, 2026· 46m 52s· 2 players
Game mode
Random Map
Map size
Tiny (2 player)
Population
200
Speed
Normal
Resources
Standard
Victory
Conquest
Starting age
Dark Age
Ending age
Imperial Age
RankedLock teamsTeams togetherTeam positionsShared explorationLock speedFull tech treeHidden civsTurbo modeCheats
Victory
Defeat
🇩🇪 Koreans · Germany
687
+12
🇫🇷 Franks · France
609
-12
Naranja
10:47 Feudal Age
11:17 Double-Bit Axe
16:59 Castle Age
15:44 Gold Mining
18:06 Bow Saw
17:38 Pikeman
23:16 Elite Skirmisher
25:24 Fervor
26:14 Husbandry
28:18 Squires
28:38 Light Cavalry
37:57 Imperial Age
35:15 Town Watch
35:19 Loom
36:00 Ballistics
38:17 Onager
43:35 Halberdier
44:29 Stone Mining
45:20 Gold Shaft Mining
45:08 Fletching
^8Fischy^3123
11:56 Feudal Age
13:00 Double-Bit Axe
15:25 Horse Collar
19:57 Castle Age
20:05 Stone Mining
20:14 Gold Mining
22:23 Bow Saw
22:16 Heavy Plow
24:52 Fletching
26:29 Wheelbarrow
26:34 Bodkin Arrow
34:34 Imperial Age
31:53 Town Watch
33:38 Stone Shaft Mining
33:30 Forging
35:43 Elite Fire Lancer
40:55 Two-Man Saw
42:00 Bracer
44:58 Gold Shaft Mining
48:27 Chemistry
47:48 Ballistics
47:24 Murder Holes
Connection lost

Rejoining the realm…

Still unreachable

The connection could not be restored.

Session expired

The server has moved on; the page needs a fresh start.